 Dungeon Crawl Stone Soup version 0.19.0-2-gae57169 (webtiles) character file.

371 Andry07 the Skirmisher (level 6, -2/53 HPs)
             Began as a Merfolk Skald on Nov 7, 2016.
             Slain by an ogre
             ... wielding a +0 giant spiked club
              (15 damage)
             ... on level 5 of the Dungeon.
             The game lasted 00:09:14 (3775 turns).

Andry07 the Skirmisher (Merfolk Skald)              Turns: 3775, Time: 00:09:14

Health: -2/53      AC:  8    Str: 18    XL:     6   Next: 71%
Magic:  9/9        EV: 11    Int: 11    God:
Gold:   183        SH:  0    Dex: 14    Spells: 1 memorised, 8 levels left

rFire  . . .     SeeInvis .     u - +3 dagger of the Solstice {drain, -Tele rC++} (curse)
rCold  + + .     Gourm    .     b - +0 leather armour
rNeg   . . .     Faith    .     (no shield)
rPois  .         Spirit   .     (no helmet)
rElec  .         Reflect  .     A - +0 cloak
rCorr  .         Harm     .     e - +2 pair of gloves
MR     .....     NoTele   +     o - +0 pair of boots
Stlth  ++........               (no amulet)
                                w - +4 ring of strength
                                C - -2 ring of slaying (curse)

@: no status effects
A: change form in water, swift swim, stealthy swim
a: no special abilities


You were on level 5 of the Dungeon.
You were not hungry.

You visited 1 branch of the dungeon, and saw 5 of its levels.

You collected 183 gold pieces.

Inventory:

Hand Weapons
 a - a +1 short sword
 u - the cursed +3 dagger of the Solstice (weapon) {drain, -Tele rC++}
   (You found it on level 5 of the Dungeon)

   A truly terrible weapon, it drains the life of those it strikes.
   It greatly protects you from cold.
   It prevents most forms of teleportation.
   It has a curse placed upon it.
Armour
 b - a +0 leather armour (worn)
 e - a +2 pair of gloves (worn)
 o - a +0 pair of boots (worn)
 A - a +0 cloak (worn)
Jewellery
 i - a +3 ring of slaying
 n - an uncursed ring of magical power
 p - an uncursed amulet of rage {unknown}
 w - a +4 ring of strength (right hand)
 C - a cursed -2 ring of slaying (left hand)
Wands
 y - a wand of polymorph (21/24)
Scrolls
 r - a scroll of magic mapping
Potions
 f - a potion of resistance {unknown}
 g - a potion of heal wounds {unknown}
 h - a potion of mutation {unknown}
 j - a potion of berserk rage {unknown}
 l - a potion of degeneration {unknown}
 m - a potion of flight {unknown}
 q - a potion of magic {unknown}
 t - a potion of ambrosia {unknown}
 v - a potion of lignification {unknown}
Books
 c - a book of Battle

   Spells                             Type                      Level
   a - Infusion                       Charms                       1
   b - Shroud of Golubria             Charms/Translocation         2
   c - Song of Slaying                Charms                       2
   d - Spectral Weapon                Hexes/Charms                 3
   e - Regeneration                   Charms/Necromancy            3
Comestibles
 d - 3 bread rations
 k - 3 meat rations
 s - a royal jelly
 B - 3 chunks of flesh


   Skills:
 * Level 6.8 Fighting
 - Level 2.4 Short Blades
 - Level 0.6 Armour
 - Level 1.3 Dodging
 * Level 3.3 Stealth
 - Level 2.0 Spellcasting
 - Level 3.2 Charms


You had 8 spell levels left.
You knew the following spells:

 Your Spells              Type           Power        Failure   Level  Hunger
a - Infusion              Chrm           #...         12%         1    ##.....


Dungeon Overview and Level Annotations

Branches:
Dungeon (5/15)
 Temple: D:4-7

Altars:
Elyvilon
Hepliaklqana
Kikubaaqudgha
Okawaru
The Shining One

Annotations:
D:4 Dioneo's ghost, amateur DrWr


Message History

You closely miss the ogre.
The ogre is moderately wounded.
You puncture the ogre! You drain the ogre!
The ogre is severely wounded.
The ogre hits you with a giant spiked club!
You barely miss the ogre.
The ogre is severely wounded.
The ogre hits you with a giant spiked club!
* * * LOW HITPOINT WARNING * * *
You are too injured to fight recklessly!
Found a stone staircase leading down.
Found a papyrus book.
There is a stone staircase leading down here.
Found a leather armour.
The ogre seems less drained.
There is a stone staircase leading up here.
You hit the ogre. You drain the ogre!
The ogre is almost dead.
The ogre hits you with a giant spiked club!
You die...

##............#..#
##.#####.#.##.#..#######
##.# #.#.............#
...#####.####.#......#.#
#####.........#..###.#,*
#.##.######..#
#.#,**********
##.##....<....#
#.#,,,,,,,,,,,
####.#.#########O#
#.#*********** ....###.#
#@# #.# ####.#.## #.#
#.# ##.## #.# #.#
******** ### ****#.# #.#
*,,,,,,, #..,..# #.#
*,****** *** #.#*### #.#
*,* ,,****** #.# #.#
***,*** *,,,,,,* #.# #.#
*,,,,,* ******,* #.# #.#
*,,,,,*


You could see an ogre.

Vanquished Creatures
  2 centaurs
  A scorpion (D:5)
  A hound (D:4)
  A worker ant (D:4)
  3 adders
  3 gnolls (D:3)
  An ooze (D:2)
  A worm (D:2)
  2 dart slugs
  3 leopard geckos
  An orc (D:3)
  2 giant cockroaches (D:2)
  4 goblins
  7 hobgoblins
  2 jackals (D:2)
  3 kobolds (D:3)
  A quokka (D:4)
  5 bats
  A frilled lizard (D:2)
  5 rats
49 creatures vanquished.

Notes
Turn   | Place    | Note
-------+----------+-------------------------------------------
     0 | D:1      | Andry07 the Merfolk Skald began the quest for the Orb.
     0 | D:1      | Reached XP level 1. HP: 16/16 MP: 3/3
   166 | D:1      | Reached XP level 2. HP: 23/23 MP: 5/5
   247 | D:1      | Reached skill level 3 in Fighting
   824 | D:2      | Found a glowing golden altar of the Shining One.
   877 | D:2      | Reached XP level 3. HP: 21/29 MP: 6/6
   914 | D:2      | Reached skill level 4 in Fighting
  1089 | D:2      | Found a white marble altar of Elyvilon.
  1102 | D:2      | Found a hazy altar of Hepliaklqana.
  1133 | D:2      | Found an ancient bone altar of Kikubaaqudgha.
  1724 | D:3      | Reached skill level 1 in Stealth
  1724 | D:3      | Reached XP level 4. HP: 30/38 MP: 7/7
  2337 | D:3      | Reached skill level 5 in Fighting
  2376 | D:3      | Found an iron altar of Okawaru.
  2577 | D:4      | Reached XP level 5. HP: 38/44 MP: 8/8
  2685 | D:4      | Noticed Dioneo's ghost (amateur DrWr)
  2702 | D:4      | Noticed a centaur
  2711 | D:4      | Killed a centaur
  2711 | D:4      | Reached skill level 6 in Fighting
  2711 | D:4      | Reached XP level 6. HP: 32/52 MP: 9/9
  2746 | D:5      | Entered Level 5 of the Dungeon
  3559 | D:5      | Got a jewelled dagger
  3563 | D:5      | Identified the cursed +3 dagger of the Solstice {drain, -Tele rC++} (You found it on level 5 of the Dungeon)
  3775 | D:5      | Slain by an ogre

Skill      XL: |  1  2  3  4  5  6 |
---------------+-------------------+-----
Fighting       | 3 4 5 6 |  6.8
Stealth        | 1 2 3 |  3.3
Short Blades   | |  2.4
Armour         | |  0.6
Dodging        | |  1.3
Spellcasting   | |  2.0
Charms         | |  3.2

Action                   |  1- 3 |  4- 6 || total
-------------------------+-------+-------++-------
Melee: Short sword       |   112 |   132 ||   244
       Dagger            |       |    29 ||    29
 Cast: Infusion          |       |     2 ||     2
  Use: Scroll            |       |     5 ||     5
 Stab: Sleeping          |     2 |       ||     2
  Eat: Chunk             |     2 |     6 ||     8
       Beef jerky        |       |     1 ||     1
Armor: Leather armour    |    32 |    54 ||    86
Dodge: Dodged            |    64 |   109 ||   173
